 Dungeon Crawl Stone Soup version 0.29-a0-972-g43c84944fd (webtiles) character file.

Game seed: 10961830639703882399

34700 vnilr the Unseen (level 13, -1/67 HPs)
             Began as a Spriggan Enchanter on July 31, 2022.
             Was a High Priest of Dithmenos.
             Killed from afar by Frances (39 damage)
             ... with an iron shot
             ... on level 14 of the Dungeon.
             The game lasted 00:39:39 (15910 turns).

vnilr the Unseen (Spriggan Enchanter)              Turns: 15910, Time: 00:39:42

Health: -1/67      AC: 11    Str:  7    XL:     13   Next: 43%
Magic:  24/31      EV: 28    Int: 26    God:    Dithmenos [*****.]
Gold:   782        SH:  0    Dex: 16    Spells: 27/38 levels left

rFire   . . .      SeeInvis +   n - +3 dagger (speed)
rCold   . . .      Faith    .   (no shield)
rNeg    . . .      Spirit   .   t - +3 steam dragon scales
rPois   .          Reflect  .   (helmet restricted)
rElec   .          Harm     .   l - +2 cloak
rCorr   .          Rampage  .   (gloves unavailable)
Will    ++...                   (boots unavailable) Stlth *+++++++++
                                b - amulet of regeneration
HPRegen 1.01/turn               J - +4 ring of evasion
MPRegen 0.22/turn               i - +6 ring of intelligence

@: confusing by touch, wreathed by umbra, very quick
A: very small, no large weapons, unfitting armour, see invisible, speed 3, fangs
1, clever 1, no potion heal 1
a: Renounce Religion, Shadow Step, Shadow Form


You were on level 14 of the Dungeon.
You worshipped Dithmenos.
Dithmenos was extremely pleased with you.
You visited 2 branches of the dungeon, and saw 15 of its levels.

You collected 943 gold pieces.
You spent 161 gold pieces at shops.

Inventory:

Hand Weapons
 a - a +3 dagger
 n - a +3 dagger of speed (weapon)
Missiles
 g - 2 throwing nets
 m - 54 poisoned darts (quivered)
 v - 11 curare-tipped darts
 E - 6 atropa-tipped darts
Armour
 l - a +2 cloak (worn)
 t - +3 steam dragon scales (worn)
Jewellery
 b - an amulet of regeneration (around neck)
 i - a +6 ring of intelligence (right hand)
 x - the ring of the Thirsty Prophets {Ice Slay+2}
   (You found it on level 8 of the Dungeon)

   [ring of ice]

   It enhances your ice magic.
   Slay:      It affects your accuracy & damage with ranged weapons and melee
   (+2).
   rF:        It makes you vulnerable to fire.
   rC:        It protects you from cold.
 G - a ring of magical power
 J - a +4 ring of evasion (left hand)
Wands
 k - a wand of digging (11)
 y - a wand of acid (11)
 z - a wand of paralysis (7)
 B - a wand of flame (26)
 C - a wand of polymorph (5)
Scrolls
 d - a scroll of amnesia
 f - 8 scrolls of teleportation
 w - 2 scrolls of fear
 D - 5 scrolls of identify
 I - a scroll of torment
Potions
 c - 3 potions of invisibility
 e - 3 potions of heal wounds
 h - 3 potions of might
 j - 2 potions of lignification
 o - a potion of cancellation
 p - 7 potions of curing
 q - a potion of haste
 r - a potion of berserk rage
 s - a potion of ambrosia
 u - 2 potions of flight
 A - 2 potions of magic
 F - a potion of resistance
 H - 3 potions of brilliance


   Skills:
 + Level 7.0 Fighting
 + Level 9.2 Short Blades
 + Level 11.3 Dodging
 + Level 15.9 Stealth
 + Level 13.3 Spellcasting
 + Level 13.6 Hexes


You had 27 spell levels left.
You knew the following spells:

 Your Spells              Type           Power      Damage    Failure   Level
a - Ensorcelled Hibernat  Hex/Ice        100%       N/A       1%          2
b - Tukima's Dance        Hex            73%        N/A       1%          3
c - Dazzling Flash        Conj/Hex       100%       N/A       1%          3
d - Confusing Touch       Hex            73%        N/A       1%          3

Your spell library contained the following spells:

 Spells                   Type           Power      Damage    Failure   Level
 Slow                     Hex            100%       N/A       0%          1
 Inner Flame              Hex/Fire       51%        N/A       1%          3
 Fulminant Prism          Conj/Hex       25%        3d14      1%          4
 Shock                    Conj/Air       68%        1d7       3%          1
 Vampiric Draining        Necr           17%        2d7       10%         3
 Iskenderun's Mystic Bla  Conj/Tloc      17%        2d5       32%         4
 Fireball                 Conj/Fire      8%         3d6       65%         5
 Lee's Rapid Deconstruct  Erth           8%         3d8*      65%         5
 Starburst                Conj/Fire      8%         6d4       99%         6
 Ignition                 Fire           8%         3d5       100%        8


Dungeon Overview and Level Annotations

Branches:
Dungeon (14/15)            Temple (1/1) D:5            Lair (0/5) D:10
    Orc (0/2) D:12         Vaults (0/5) D:14

Altars:
Ashenzari
Cheibriados
Dithmenos
Fedhas
Gozag
Hepliaklqana
Kikubaaqudgha
Makhleb
Nemelex Xobeh
Okawaru
Qazlal
Sif Muna
Trog
Uskayaw
Vehumet
Wu Jian
Xom
Zin

Shops:
D:2 ?   D:5 (   D:8 :([(   D:10 *   D:11 (

Annotations:
D:6 3 runed translucent doors, anet's ghost, novice DsNe
D:10 1 runed translucent door, paps's ghost, journeyman DsGl
D:14 Frances


Innate Abilities, Weirdness & Mutations

You are very small and have problems with some larger weapons.
You are too small for most types of armour.
You have supernaturally acute eyesight. (SInv)
You cover ground extremely quickly. (Speed+++)
You have very sharp teeth.
Your mind is acute. (Int +4, Str/Dex -1)
Potions are less effective at restoring your health.


Message History

The slime creature easily resists.
The slime creature barely misses you.
Casting: Ensorcelled Hibernation (safe; 1% risk of failure)
Confirm with . or Enter, or press ? or * to list all spells.
Aiming: Ensorcelled Hibernation (safe; 1% risk of failure)
Press: ? - help, Shift-Dir - straight line, f/p - slime creature
Aim: a slime creature (moderately wounded, umbra, chance to affect: 54%)
The slime creature resists with some effort.
Your shadow mimicks your spell!
The slime creature looks drowsy...
The helpless slime creature fails to defend itself.
You spit the slime creature like a pig!!!!
You kill the slime creature!
Dithmenos accepts your kill.
Your Fighting skill increases to level 7!
Frances, Duchess of Pandemonium comes into view.
She is wielding a +5 flail of holy wrath.
Aiming: Shadow Step
Press: ? - help, Dir - move target, f - Frances
Aim: Frances, wielding a +5 flail of holy wrath and wearing a +0 ring mail (asleep, umbra)
You step into Frances's shadow.
The helpless Frances fails to defend herself.
You stick Frances like a pincushion!!!! You bite Frances, but do no damage.
Frances is almost dead.
Frances chants phrases taken from a devil's mouth.
The shard of ice misses you.
Casting: Ensorcelled Hibernation (safe; 1% risk of failure)
Confirm with . or Enter, or press ? or * to list all spells.
Your hands begin to glow red.
Frances hits you with a +5 flail of holy wrath!!
You emit a cloud of dark smoke.
You hit Frances but do no damage.
Frances is almost dead.
You hit Frances but do no damage.
Frances is almost dead.
You hit Frances but do no damage.
Frances is almost dead.
Your shadow barely misses Frances.
Frances chants phrases taken from a devil's mouth.
The iron shot hits you!!!
Ouch! That really hurt!
You die...

#.#...##..........##..##
#.##..###..........##...#
##...## #...........#....
##...###......#.........
##.........###.........
##..§....## #...##....
#§§§..# #...###...
#§§.§#### #... #.@@...#
#..# #§§....... ...#
#......###. ........#
#........# #........#
#........# .####.....


You could see Frances.

Vanquished Creatures
  A hydra (D:14)
  A death knight (D:14)
  5 two-headed ogres
  3 tengu warriors (D:14)
  A skeletal warrior (D:14)
  Pikel (D:7)
  3 deep elf pyromancers
  6 ugly things (D:14)
  4 cyclopes
  A manticore (D:11)
  Maggie (D:9)
  An unseen horror (shapeshifter) (D:13)
  A kobold demonologist (D:11)
  3 komodo dragons (D:10)
  A tengu conjurer (D:14)
  9 trolls
  A hornet (D:9)
  20 slime creatures
  Grinder (D:5)
  3 dancing weapons
  4 wraiths
  A shadow (D:7)
  A ynoxinul (D:9)
  14 yaks (D:10)
  A wyvern (D:10)
  2 vampires (D:13)
  A steam dragon (D:8)
  2 basilisks
  4 vampire mosquitoes (D:12)
  2 acid dragons
  The ghost of Vbesf the Stinger, an amateur OpVM (D:5)
  Duvessa (D:7)
  5 water moccasins
  A swamp drake (D:10)
  8 orc warriors
  A sky beast (D:6)
  2 black bears (D:6)
  An ice beast (D:7)
  11 ogres
  5 centaurs
  2 phantoms (D:6)
  9 kobold brigands
  2 lemures (D:7)
  A gnoll sergeant (D:6)
  A necrophage (D:7)
  3 bullfrogs
  5 scorpions
  7 wights
  Dowan (D:7)
  7 killer bees
  4 howler monkeys
  6 hounds
  3 gnoll boudas (D:11)
  8 orc priests
  A jelly (D:6)
  Crazy Yiuf (D:2)
  5 iguanas
  16 orc wizards
  16 gnolls
  5 adders
  8 river rats (D:5)
  A worm (D:3)
  3 dart slugs
  46 orcs
  2 endoplasms
  2 giant cockroaches
  9 goblins
  4 hobgoblins
  5 quokkas (D:5)
  3 training dummies (D:11)
  8 ball pythons
  3 bats
  5 frilled lizards
  12 kobolds
  21 rats
370 creatures vanquished.

Vanquished Creatures (collateral kills)
  A two-headed ogre (D:12)
  Sigmund (D:3)
  An orc warrior (D:12)
  An ogre (D:5)
  4 centaurs (D:7)
  A gnoll sergeant (D:12)
  5 wights
  A gnoll bouda (D:10)
  An orc wizard (D:11)
  7 gnolls
  An ufetubus (D:7)
  2 orcs (D:12)
  A kobold (D:8)
27 creatures vanquished.

Vanquished Creatures (others)
  8 dancing weapons
  A yak (D:10)
  A swamp drake (D:12)
  2 kobolds (D:8)
  2 fungi (D:11)
  3 plants
17 creatures vanquished.

Grand Total: 414 creatures vanquished

Notes
Turn   | Place    | Note
-------+----------+-------------------------------------------
     0 | D:1      | vnilr the Spriggan Enchanter began the quest for the Orb.
     0 | D:1      | Reached XP level 1. HP: 9/9 MP: 5/5
   481 | D:1      | Reached XP level 2. HP: 13/13 MP: 7/7
   484 | D:1      | Learned a level 2 spell: Ensorcelled Hibernation
  1232 | D:2      | Reached XP level 3. HP: 13/16 MP: 9/9
  1236 | D:2      | Learned a level 3 spell: Tukima's Dance
  1240 | D:2      | Learned a level 3 spell: Confusing Touch
  1339 | D:2      | Found Dupp's Magic Scroll Shop.
  1344 | D:2      | Bought a scroll of identify for 28 gold pieces
  1344 | D:2      | Bought a scroll of identify for 28 gold pieces
  1399 | D:2      | Found a faded altar of an unknown god.
  1692 | D:2      | Found a runed translucent door.
  1693 | D:2      | Noticed Crazy Yiuf
  1703 | D:2      | Killed Crazy Yiuf
  2365 | D:3      | Noticed Sigmund
  2370 | D:3      | Found an opulent altar of Gozag.
  2376 | D:3      | Killed Sigmund
  2377 | D:3      | Reached skill level 5 in Spellcasting
  2377 | D:3      | Reached XP level 4. HP: 21/21 MP: 1/12
  2377 | D:3      | Reached XP level 5. HP: 24/24 MP: 1/14
  2603 | D:3      | Identified the +1 leather armour of Complete Protection
                  | {Fly Dex+3}
  2960 | D:4      | Noticed an ogre
  2981 | D:4      | Killed an ogre
  2982 | D:4      | Reached XP level 6. HP: 28/28 MP: 1/16
  3878 | D:2      | Bought a scroll of enchant armour for 105 gold pieces
  3919 | D:5      | Entered Level 5 of the Dungeon
  3948 | D:5      | Reached skill level 5 in Stealth
  4037 | D:5      | Gained mutation: Your body sometimes deteriorates upon
                  | taking damage. [potion of mutation]
  4037 | D:5      | Gained mutation: You are agile. (Dex +4, Str/Int -1)
                  | [potion of mutation]
  4037 | D:5      | Gained mutation: You are strong-willed. (Will+) [potion of
                  | mutation]
  4072 | D:5      | Reached XP level 7. HP: 31/32 MP: 7/17
  4198 | D:5      | Found a staircase to the Ecumenical Temple.
  4204 | D:5      | Reached skill level 6 in Stealth
  4261 | Temple   | Entered the Ecumenical Temple
  4369 | Temple   | Became a worshipper of Dithmenos the Shadowed
  4496 | D:5      | Reached skill level 7 in Stealth
  4525 | D:5      | Found a runed translucent door.
  4528 | D:5      | Noticed Vbesf's ghost (amateur OpVM)
  4548 | D:5      | Killed Vbesf's ghost
  4581 | D:5      | Reached XP level 8. HP: 36/36 MP: 20/20
  4665 | D:5      | Reached skill level 8 in Stealth
  4668 | D:5      | Noticed Grinder
  4682 | D:5      | Killed Grinder
  4836 | D:5      | Reached * piety under Dithmenos
  4848 | D:5      | Reached skill level 9 in Stealth
  5180 | D:5      | Found Sesash's Antique Weapon Shop.
  5399 | D:6      | Reached XP level 9. HP: 26/39 MP: 18/23
  5529 | D:6      | Found a runed translucent gate.
  5529 | D:6      | Found a runed translucent gate.
  5530 | D:6      | Found a runed translucent gate.
  5533 | D:6      | Noticed anet's ghost (novice DsNe)
  5760 | D:6      | Reached ** piety under Dithmenos
  5761 | D:6      | Reached skill level 10 in Stealth
  5977 | D:6      | Reached skill level 1 in Fighting
  6696 | D:7      | Noticed Pikel
  6730 | D:7      | Reached skill level 10 in Hexes
  6742 | D:7      | Killed Pikel
  6743 | D:7      | Reached skill level 11 in Stealth
  6915 | D:7      | Noticed Dowan
  6917 | D:7      | Reached skill level 5 in Dodging
  6926 | D:7      | Killed Dowan
  6943 | D:7      | Noticed Duvessa
  6956 | D:7      | Found a broken altar of Ashenzari.
  7065 | D:6      | Learned a level 3 spell: Dazzling Flash
  7136 | D:7      | Reached XP level 10. HP: 47/47 MP: 20/24
  7183 | D:7      | Reached skill level 10 in Spellcasting
  7199 | D:7      | Killed Duvessa
  8026 | D:7      | Reached *** piety under Dithmenos
  8108 | D:8      | Found Sauluic's Weapon Shop.
  8111 | D:8      | Found Vuapot's Antique Armour Shop.
  8111 | D:8      | Found Opryida's Book Shop.
  8114 | D:8      | Found Suupisawn's Antique Weapon Shop.
  8455 | D:8      | Lost mutation: Your body sometimes deteriorates upon taking
                  | damage. [potion of mutation]
  8455 | D:8      | Lost mutation: You are strong-willed. (Will+) [potion of
                  | mutation]
  8455 | D:8      | Gained mutation: You are frail. (-10% HP) [potion of
                  | mutation]
  8455 | D:8      | Gained mutation: You are resistant to electric shocks.
                  | (rElec) [potion of mutation]
  8496 | D:8      | Reached skill level 12 in Stealth
  8675 | D:8      | Identified the ring of the Thirsty Prophets {Ice Slay+2}
  8752 | D:8      | Found a stormy altar of Qazlal.
  8780 | D:8      | Reached skill level 5 in Short Blades
  9021 | D:9      | Noticed Maggie
  9023 | D:9      | Killed Maggie
  9152 | D:9      | Found a blossoming altar of Fedhas.
  9331 | D:9      | Reached **** piety under Dithmenos
  9639 | D:9      | Lost mutation: You are resistant to electric shocks.
                  | (rElec) [potion of mutation]
  9639 | D:9      | Lost mutation: You are frail. (-10% HP) [potion of
                  | mutation]
  9639 | D:9      | Gained mutation: Your body sometimes deteriorates upon
                  | taking damage. [potion of mutation]
  9737 | D:9      | Found a bloodstained altar of Trog.
  9750 | D:9      | Found a shimmering blue altar of Sif Muna.
  9754 | D:9      | Reached XP level 11. HP: 53/53 MP: 26/26
  9756 | D:9      | Got Sif Muna's Papyrus of Electric Glamour
  9858 | D:10     | Entered Level 10 of the Dungeon
 10101 | D:10     | Found Kaiwur's Neck Hole.
 10126 | D:10     | Found a runed translucent door.
 10159 | D:10     | Noticed paps's ghost (journeyman DsGl)
 10659 | D:10     | Noticed a two-headed ogre
 10667 | D:10     | Killed a two-headed ogre
 10668 | D:10     | Reached skill level 13 in Stealth
 10774 | D:10     | Reached ***** piety under Dithmenos
 10916 | D:10     | Found a staircase to the Lair.
 11098 | D:10     | Identified the +10 trident of Ahugiso {freeze, rElec Str+4}
 11290 | D:11     | Reached skill level 5 in Fighting
 11377 | D:11     | Noticed a two-headed ogre
 11395 | D:11     | Killed a two-headed ogre
 11407 | D:11     | Noticed a sun demon
 11615 | D:11     | Found Hissib's Firing Range.
 11924 | D:11     | You fall into a shaft and drop 3 floors!
 12166 | D:11     | Reached skill level 14 in Stealth
 12166 | D:11     | Reached XP level 12. HP: 60/60 MP: 28/28
 12825 | D:12     | Noticed a two-headed ogre
 12831 | D:12     | Noticed a two-headed ogre
 12834 | D:12     | Killed a two-headed ogre
 12862 | D:12     | Killed a two-headed ogre
 13285 | D:12     | Found a staircase to the Orcish Mines.
 14214 | D:13     | Reached skill level 10 in Dodging
 14519 | D:13     | Found a sparkling altar of Nemelex Xobeh.
 14754 | D:14     | Noticed a death knight
 14758 | D:14     | Killed a death knight
 14759 | D:14     | Reached skill level 15 in Stealth
 14810 | D:14     | Reached XP level 13. HP: 65/65 MP: 29/30
 14977 | D:14     | Found a gate to the Vaults.
 15013 | D:14     | Lost mutation: You are agile. (Dex +4, Str/Int -1) [potion
                  | of mutation]
 15013 | D:14     | Lost mutation: Your body sometimes deteriorates upon taking
                  | damage. [potion of mutation]
 15013 | D:14     | Gained mutation: Potions are less effective at restoring
                  | your health. [potion of mutation]
 15013 | D:14     | Gained mutation: Your mind is acute. (Int +4, Str/Dex -1)
                  | [potion of mutation]
 15013 | D:14     | Gained mutation: You have very sharp teeth. [potion of
                  | mutation]
 15445 | D:14     | Reached ****** piety under Dithmenos
 15904 | D:14     | Noticed Frances
 15910 | D:14     | Killed from afar by Frances

Illustrated notes

Levels and vault maps discovered:
D:1:      sevenhm_arrival_forest_fort_small_3, layout_rooms,
          minmay_statues_item, nrook_mini_backslash
D:2:      layout_loops_ring, dreamdust_ecumenical_altar_grove, serial_shops,
          shop, uniq_crazy_yiuf_cottage
D:3:      layout_basic, grunt_gozag_breadcrumbs, lemuel_old_faithful,
          uniq_sigmund
D:4:      layout_loops_cross, minmay_misc_feat_encased, minmay_bisected
D:5:      lemuel_ratsnest, layout_cave_pods, minmay_temple_entry_large_hall,
          hellmonk_ghost_happy_afterlife, serial_shops, shop, uniq_grinder
D:6:      minmay_octagon_keep, layout_loops_ring, ebering_ghost_rock_garden,
          serial_park_tiny_pond, nicolae_concentric_dashed_squares_mild,
          chequers_serial_rivers_small_3
D:7:      layout_basic, mainiacjoe_overflow_boulevard, centaur_isle,
          uniq_duvessa, uniq_pikel
D:8:      layout_loops_cross, overflow_temple_1_default, chequers_jeans,
          nicolae_benzene_ring, minmay_shop_grid_forest
D:9:      layout_basic, mainiacjoe_overflow_catwalk,
          nzn_overflow_gifts_of_might_and_magic, minmay_misc_feat_square,
          uniq_maggie
D:10:     layout_basic, erik_lair_dragon, ebering_ghost_funeral_grove,
          nicolae_shop_sticking_my_neck_out
D:11:     kennysheep_seaside_town, layout_basic, nicolae_shop_firing_range
D:12:     layout_irregular_city, erik_orc_1
D:13:     layout_loops_corners, nemelex_spade_bored_becter
D:14:     layout_layer_cave, erik_vaults_1, roderic_serpentine_path,
          uniq_frances
Temple:   nicolae_temple_slightly_damp_pantheon

Skill      XL: |  1  2  3  4  5  6  7  8  9 10 11 12 13 |
---------------+----------------------------------------+-----
Spellcasting   | 3 5 6 7 9 10 11 12 13 | 13.3
Hexes          | 4 6 7 8 9 10 11 12 13 | 13.6
Stealth        | 5 7 9 11 12 14 15 | 15.9
Dodging        | 5 7 9 10 11 | 11.3
Short Blades   | 3 5 7 8 9 |  9.2
Fighting       | 2 4 5 6 7 |  7.0

Action                   |  1- 3 |  4- 6 |  7- 9 | 10-12 | 13-15 || total
-------------------------+-------+-------+-------+-------+-------++-------
Melee: Dagger            |   115 |    85 |   336 |   497 |    50 ||  1083
       Punch             |     2 |     2 |     4 |    12 |       ||    20
       Bite              |       |       |       |       |     3 ||     3
Throw: Dart              |       |       |       |     2 |       ||     2
 Cast: Confusing Touch   |     3 |     2 |     8 |     8 |     2 ||    23
       Tukima's Dance    |     3 |     1 |    15 |    44 |     4 ||    67
       Ensorcelled Hiber |     1 |    20 |    66 |   158 |    26 ||   271
Invok: Shadow Step       |       |       |       |       |     2 ||     2
Evoke: Wand              |       |       |       |     6 |     1 ||     7
  Use: Scroll            |    11 |     5 |     6 |    11 |     2 ||    35
       Potion            |       |     1 |     1 |     7 |     1 ||    10
 Stab: Sleeping          |    10 |    13 |    46 |   144 |    24 ||   237
       Confused          |     2 |       |     4 |     7 |       ||    13
       Distracted        |       |     1 |       |     7 |       ||     8
Armor: Robe              |    10 |    10 |    41 |    11 |       ||    72
       Steam dragon scal |       |       |       |    28 |     4 ||    32
       Skin              |       |       |       |    22 |       ||    22
Dodge: Dodged            |    58 |    64 |   258 |   344 |    42 ||   766

Table legend: (Time is in decaauts)
 A = Elapsed time spent in this place.
 B = Non-inter-level travel time spent in this place.
 C = Inter-level travel time spent in this place.
 D = Time resting spent in this place.
 E = Time spent auto-exploring this place.
 F = Levels seen in this place.
 G = Mean time per level.
                   A        B        C        D        E       F      G
               +--------+--------+--------+--------+--------+-----+--------+
         Total |  11554 |  11231 |    323 |    418 |   8191 |  15 |  770.3 |
       Dungeon |  11479 |  11165 |    314 |    418 |   8139 |  14 |  819.9 |
        Temple |     74 |     66 |      8 |      0 |     52 |   1 |   74.0 |
               +--------+--------+--------+--------+--------+-----+--------+

Top non-repeatable levels by time:
     D:6: 1112 daAuts
    D:11: 1007 daAuts
    D:12: 973 daAuts
     D:5: 969 daAuts
     D:7: 967 daAuts
    D:10: 925 daAuts
     D:3: 833 daAuts
    D:14: 811 daAuts
     D:2: 774 daAuts
     D:1: 701 daAuts
     D:4: 665 daAuts
     D:8: 641 daAuts
     D:9: 581 daAuts
    D:13: 515 daAuts
  Temple: 74 daAuts
